Unix NetHack Version 3.7.0-59 Work-in-progress - last build Jun 5 2022 07:06:30 (499eea869b49aadf0d9bfe9a757f046f4740a4be,branch:master). Game began 2022-06-04 23:18:20, ended 2022-06-07 22:21:01. habib, neutral male gnomish Healer ----------- |....>.....############# |[........|# ####---------+-- --------.-- #|..........| # #|....<.....| # #|..........-##### # #|..........| ### # #-+-.-------- ###G# # ################### # --|---- # # |.....| # # |.....| # ## |.....| ### # |.....-# # ## |.....|# ---.--.----- |.....|#####-..........| ------- |.......%..| |...........###### ----.------- Habib the Dresser St:15 Dx:13 Co:18 In:12 Wi:16 Ch:16 Neutral S:16112 Dlvl:14 $:405 HP:64(64) Pw:53(92) AC:3 Xp:10/6139 T:14381 Latest messages: The Woodland-elf just misses! You miss the Woodland-elf. The Woodland-elf hits! You hit the Woodland-elf! The Woodland-elf hits! You hit the Woodland-elf! The Woodland-elf hits! You hit the Woodland-elf! The Woodland-elf turns to flee. The Woodland-elf wields a runed bow! The Woodland-elf wields a runed short sword! The Woodland-elf thrusts her runed short sword. The Woodland-elf hits! You hit the Woodland-elf! The Woodland-elf escapes upstairs! The Woodland-elf thrusts her runed short sword. The Woodland-elf hits! You hit the Woodland-elf! The Woodland-elf thrusts her runed short sword. The Woodland-elf hits! In what direction? . You feel much better. The Woodland-elf thrusts her runed short sword. The Woodland-elf hits! You kill the Woodland-elf! There are several objects here. You climb up the stairs. You miss the Woodland-elf. The Woodland-elf hits! You kill the Woodland-elf! The door opens. The door opens. What do you want to use or apply? [bghkmprsuyzBT or ?*] s In what direction? l You hear a hollow sound. This must be a secret door! The door resists! The door opens. $ - 46 gold pieces. This door is locked. Unlock it with your key? [ynq] (q) y You succeed in unlocking the door. The door resists! The door resists! The door opens. The wood nymph wakes up! The beautiful wood nymph seduces you and you take off your cloak. She stole a burnt +0 hooded cloak. The wood nymph vanishes! Really quit? (yes|no) yes Do you want your possessions identified? [ynq] (y) q Major events: Turn 1: habib the neutral male gnomish Healer entered the dungeon 438: entered the Gnomish Mines 2006: attained the rank of Empiric (level 3) 3510: reached Mine Town 5643: attained the rank of Embalmer (level 6) 5982: entered Sokoban 6399: completed sokoban 1 7067: completed sokoban 2 7799: completed sokoban 3 11294: attained the rank of Dresser (level 10) 13419: entered the Bigroom 14381: quit Inventory: Coins $ - 405 gold pieces Weapons C - 2 uncursed +3 elven daggers named +2 or +3 (at the ready) Armor d - an uncursed +0 elven leather helm j - an uncursed burnt +1 pair of leather gloves (being worn) G - a blessed +0 pair of jumping boots (being worn) a - an uncursed +0 shield of reflection named !c e - a blessed +2 studded leather armor (being worn) Comestibles i - an uncursed lembas wafer n - 2 uncursed killer bee corpses q - an uncursed lizard corpse Scrolls l - an uncursed scroll of confuse monster c - an uncursed scroll of identify Potions f - an uncursed potion of blindness o - an uncursed potion of extra healing Wands h - an uncursed wand of digging named z1 (0:3) T - an uncursed wand of make invisible (0:6) r - an uncursed wand of secret door detection (0:13) y - an uncursed wand of sleep named z2 (0:4) g - an uncursed wand of slow monster (0:4) m - an uncursed wand of striking (0:7) Tools b - an uncursed sack containing 16 items p - an uncursed leather drum B - an uncursed blindfold z - an uncursed magic marker (0:32) k - an uncursed skeleton key s - an uncursed stethoscope u - an uncursed +1 unicorn horn (weapon in hands) Contents of the sack: 762 gold pieces a cursed -1 elven dagger an uncursed +0 pair of water walking boots named !c an uncursed durian 2 uncursed apples an uncursed carrot 3 uncursed food rations an uncursed tripe ration an uncursed scroll of genocide an uncursed scroll of scare monster an uncursed potion of gain energy a cursed potion of hallucination an uncursed wand of polymorph (0:7) an uncursed wand of create monster (0:12) an uncursed wand of sleep (0:4) an uncursed wand of sleep (0:5) Habib the Healer's attributes: Background: You were a Dresser, a level 10 male gnomish Healer. You were neutral, on a mission for Hermes who was opposed by Athena (lawful) and Poseidon (chaotic). You were in the Dungeons of Doom, on level 14. You entered the dungeon 14381 turns ago. It was nighttime. You had 6139 experience points, 3861 more were needed to attain level 11. Your score was 16112 before end-of-game adjustments. Basics: You had all 64 hit points. You had 53 out of 92 energy points (spell power). Your armor class was 3. Your wallet contained 405 zorkmids. Autopickup was on for '$?!/="' plus thrown, with exceptions. Final Characteristics: Your strength was 15 (limit:18/50). Your dexterity was 13 (limit:18). Your constitution was 18 (limit:18). Your intelligence was 12 (limit:19). Your wisdom was 16 (limit:18). Your charisma was 16 (limit:18). Final Status: You were not hungry. You were unencumbered. You were wielding a unicorn horn. You had basic skill with unicorn horn. Final Attributes: You were piously aligned. You were cold resistant. You were poison resistant. You had infravision. You could jump. You were warded. You survived. Miscellaneous: You encountered 1 bones level. Total elapsed playing time was 6 hours, 42 minutes and 5 seconds. Vanquished creatures: a watch captain 2 giant mimics 2 wumpuses a stalker an earth elemental a small mimic a xan a freezing sphere 2 flaming spheres a tengu a pit viper a Grey-elf 4 watchmen an amorous demon 2 chameleons a quivering blob a cockatrice 2 winter wolf cubs a spotted jelly 3 leprechauns a scorpion a black light a forest centaur a gnome ruler a dwarf mummy an ogre a brown pudding a rust monster a yeti 2 lizards 3 chickatrices a dingo a housecat a white unicorn 2 dust vortices 2 ravens a gnome mummy 3 snakes 2 Woodland-elves a soldier ant a fire ant 2 imps a quasit a wood nymph 5 Mordor orcs 7 Uruk-hai a rock piercer 2 rock moles 4 fog clouds 2 yellow lights a shrieker 2 violet fungi 2 gnome leaders a gnomish wizard a black naga hatchling 5 gray oozes a ghoul a straw golem a paper golem 13 giant ants 6 floating eyes 3 kittens 11 dwarves 2 homunculi 16 hill orcs 4 rothes a rabid rat 2 giant bats a monkey an orc zombie a wererat a werejackal 11 iguanas 8 killer bees an acid blob 5 coyotes a gas spore 9 hobbits a large kobold 4 hobgoblins 4 giant rats 8 cave spiders a brown mold 2 green molds 3 red molds 14 gnomes 3 garter snakes 2 gnome zombies 6 geckos 15 jackals a fox 4 kobolds 2 goblins 2 sewer rats 7 grid bugs 4 bats 13 lichens 4 kobold zombies 14 newts 310 creatures vanquished. No species were genocided or became extinct. Voluntary challenges: You read items or engraved 36 times. You engraved Elbereth 21 times. You never genocided any monsters. You never polymorphed an object. You never changed form. You used no wishes. You did not violate any of the special Sokoban rules. Achievements: You entered a shop. You entered the Gnomish Mines. You attained the rank of Empiric. You entered Minetown. You entered a temple. You attained the rank of Embalmer. You entered Sokoban. You attained the rank of Dresser. You entered the Big Room. The Dungeons of Doom: levels 1 to 15 Level 1: Level 2: "general store" A general store. Stairs down to The Gnomish Mines. Level 3: "stash by >, armor dealer" An armor shop. Level 4: "vault" Level 5: A scroll shop, some fountains. Level 6: "vault, mithril far right" A fountain. Level 7: A fountain. Level 8: "nymph behind door by <" Many fountains. Level 9: Stairs up to Sokoban, level 8. Level 10: "bigroom below" Some fountains. Level 11: A very big room. Level 12: "big room/LEGOS above" A grave. Level 13: A fountain, a grave. Level 14: <- You were here. Level 15: Summoned by Hippocrates. The Gnomish Mines: levels 3 to 8 Level 3: Level 4: Level 5: Many shops, a temple, many fountains. Level 6: Level 7: Level 8: Final resting place for nabru-Val-Dwa-Fem-Law, killed by a Woodland-elf. Sokoban: levels 8 up to 5 Level 5: Unsolved. Level 6: Solved. Level 7: Solved. Level 8: "STASH" Solved. Goodbye habib the Healer... You quit in The Dungeons of Doom on dungeon level 14 with 16112 points, and 1167 pieces of gold, after 14381 moves. You were level 10 with a maximum of 64 hit points when you quit.